 Dungeon Crawl Stone Soup version 0.21.1-74-g47da9253eb (webtiles) character file.

7501 Lavandula the Cleaver (level 10, -1/86 HPs)
             Began as a Centaur Berserker on Aug 13, 2018.
             Was a Priest of Trog.
             Slain by an ogre
             ... wielding a +0 giant club
              (25 damage)
             ... on level 11 of the Dungeon.
             The game lasted 00:23:53 (5144 turns).

Lavandula the Cleaver (Centaur Berserker)           Turns: 5144, Time: 00:23:53

Health: -1/86      AC:  7    Str: 22    XL:     10   Next: 95%
Magic:  10/10      EV: 11    Int:  6    God:    Trog [***...]
Gold:   543        SH:  5    Dex: 10    Spells: 9/9 levels left

rFire    + . .     SeeInvis .   p - +0 war axe
rCold    . . .     Gourm    .   (no shield)
rNeg     . . .     Faith    .   K - +2 robe {MR+}
rPois    .         Spirit   .   z - +0 helmet
rElec    .         Reflect  +   (no cloak)
rCorr    .         Harm     .   (no gloves)
MR       ++...                  (no barding)
Stlth    +.........             j - +5 amulet of reflection
HPRegen  0.24/turn              q - ring of protection from magic
MPRegen  0.12/turn              r - ring "Yrchiq" {Wiz rF+ Slay+3}

@: about to teleport, very quick
A: large, hooves 3, deformed body, speed 2, tough skin 3
a: Berserk, Trog's Hand, Burn Spellbooks, Renounce Religion


You were on level 11 of the Dungeon.
You worshipped Trog.
Trog was most pleased with you.
You were not hungry.

You visited 1 branch of the dungeon, and saw 11 of its levels.

You collected 543 gold pieces.

Inventory:

Hand Weapons
 a - a +0 hand axe
 p - a +0 war axe (weapon)
 A - a +1 whip of freezing
Missiles
 L - 7 javelins of penetration (quivered)
Armour
 b - a +0 animal skin
 e - a +0 ring mail
 n - a +2 robe of fire resistance
 z - a +0 helmet (worn)
 K - a +2 robe of magic resistance (worn)
Magical Staves
 M - an uncursed staff of poison
 P - an uncursed staff of fire
Jewellery
 h - an uncursed ring of ice
 j - a +5 amulet of reflection (around neck)
 m - a +3 ring of intelligence
 q - a ring of protection from magic (left hand)
 r - the ring "Yrchiq" (right hand) {Wiz rF+ Slay+3}
   (You found it on level 4 of the Dungeon)

   [ring of wizardry]

   It improves your spell success rate.
   It affects your accuracy and damage with ranged weapons and melee attacks
   (+3).
   It protects you from fire.
 t - an uncursed amulet of faith
 I - the ring of Paqiz {+Fly Dex+4}
   (You found it on level 9 of the Dungeon)

   [ring of flight]

   It affects your dexterity (+4).
   It lets you fly.
Wands
 y - a wand of iceblast (3)
 F - a wand of polymorph (31)
 O - a wand of digging (4)
Scrolls
 d - 4 scrolls of blinking
 f - 4 scrolls of teleportation
 i - a scroll of immolation
 k - 3 scrolls of fog
 l - 3 scrolls of remove curse
 u - a scroll of amnesia
 x - 2 scrolls of magic mapping
 C - a scroll of identify
 G - a scroll of vulnerability
 N - a scroll of fear
Potions
 g - 3 potions of might
 o - 3 potions of heal wounds
 s - a potion of flight
 v - a potion of lignification
 w - a potion of berserk rage
 D - a potion of curing
Books
 B - a book of Clouds

   Spells                             Type                      Level
   a - Poisonous Vapours              Poison/Air                   2
   b - Mephitic Cloud                 Conjuration/Poison/Air       3
   c - Conjure Flame                  Conjuration/Fire             3
   d - Freezing Cloud                 Conjuration/Ice/Air          6
   e - Ring of Flames                 Charms/Fire                  7
   Trog disapproves of the use of such an item.
 E - a book of Changes

   Spells                             Type                      Level
   a - Beastly Appendage              Transmutation                1
   b - Sticks to Snakes               Transmutation                2
   c - Spider Form                    Transmutation/Poison         3
   d - Ice Form                       Ice/Transmutation            4
   e - Blade Hands                    Transmutation                5
   Trog disapproves of the use of such an item.
 H - a book of Cantrips

   Spells                             Type                      Level
   a - Confusing Touch                Hexes                        1
   b - Animate Skeleton               Necromancy                   1
   c - Summon Small Mammal            Summoning                    1
   d - Apportation                    Translocation                1
   Trog disapproves of the use of such an item.
Comestibles
 c - 13 rations


   Skills:
 - Level 7.5 Fighting
 + Level 13.2 Axes
 - Level 1.3 Armour
 - Level 4.1 Dodging


You had 9 spell levels left.
You didn't know any spells.

Dungeon Overview and Level Annotations

Branches:
Dungeon (11/15)            Temple (0/1) D:7            Lair (0/6) D:11
    Orc: D:9-12

Altars:
Cheibriados
Dithmenos
Fedhas
Nemelex Xobeh
Okawaru
Qazlal
Uskayaw
Xom
Yredelemnul
The Shining One
Jiyva

Shops:
D:11 [


Innate Abilities, Weirdness & Mutations

You have hooves in place of feet.
Armour fits poorly on your strangely shaped body.
You cover ground very quickly.
You have extremely tough skin. (AC +3)


Message History

Found a scimitar and a potion of berserk rage.
A death yak comes into view.
The death yak bellows!
You hear a bellow! x2
Found a ration.
Found a staircase to the Lair.
There is an entrance to Senkat's Antique Armour Emporium here.
A death yak comes into view.
You open the door.
An ogre comes into view. It is wielding a giant club.
The ogre shouts!
The death yak gores you!!
* * * LOW HITPOINT WARNING * * *
You hear a roar!
A five-headed hydra comes into view.
The five-headed hydra roars!
There is an open door here.
As you read the scroll of teleportation, it crumbles to dust.
You feel strangely unstable.
Unknown command.
The ogre hits you with a giant club!!
You die...

##+######
#.......#
#.......#
#.......#
#.......#
#....DO@+
#......Y#
######D##
##.# #
#..####!##
#∩.#......
#.#...)...
#.........
#.........


You could see a death yak, an eight-headed hydra, a five-headed hydra and an
ogre.

Vanquished Creatures
  Erolcha (D:9)
  Erica (D:8)
  A two-headed ogre (D:10)
  Pikel (D:8)
  A troll (D:10)
  A hippogriff (D:9)
  A vampire (D:10)
  A water moccasin (D:7)
  A sky beast (D:9)
  3 ice beasts
  3 orc warriors
  A slave (D:8)
  A phantom (D:4)
  4 ogres
  2 crocodiles
  5 centaurs
  4 bullfrogs
  A water moccasin zombie (D:8)
  A wyvern skeleton (D:9)
  3 scorpions
  4 killer bees (D:9)
  3 howler monkeys
  9 hounds
  A centaur zombie (D:7)
  A bullfrog zombie (D:6)
  A centaur skeleton (D:5)
  6 jellies
  13 orc wizards
  6 orc priests
  A bullfrog skeleton (D:7)
  5 iguanas
  5 worker ants
  Natasha (D:3)
  2 hound skeletons
  2 worker ant zombies
  A howler monkey skeleton (D:4)
  3 gnolls (D:7)
  9 adders
  3 oozes
  An adder skeleton (D:5)
  2 worms
  8 leopard geckos
  26 orcs
  4 giant cockroaches
  8 hobgoblins
  11 jackals
  3 kobolds
  8 quokkas
  9 bats
  4 frilled lizards
  A jackal skeleton (D:4)
  2 leopard gecko zombies
  A quokka skeleton (D:4)
  3 rats
204 creatures vanquished.

Vanquished Creatures (collateral kills)
  A two-headed ogre (D:10)
  An orc warrior (D:10)
  An ogre (D:10)
  A big kobold (D:10)
  A killer bee (D:9)
  An adder (D:10)
  7 kobolds (D:10)
13 creatures vanquished.

Grand Total: 217 creatures vanquished

Notes
Turn   | Place    | Note
-------+----------+-------------------------------------------
     0 | D:1      | Lavandula the Centaur Berserker began the quest for the Orb.
     0 | D:1      | Reached XP level 1. HP: 19/19 MP: 1/1
    44 | D:1      | Reached skill level 3 in Axes
    92 | D:1      | Reached XP level 2. HP: 25/26 MP: 2/2
   150 | D:2      | Found a sparkling altar of Nemelex Xobeh.
   379 | D:2      | Reached skill level 4 in Axes
   379 | D:2      | Reached XP level 3. HP: 12/31 MP: 3/3
   816 | D:3      | Found a glowing golden altar of the Shining One.
   823 | D:3      | Reached ** piety under Trog
   829 | D:3      | Found a shimmering altar of Xom.
   892 | D:3      | Reached XP level 4. HP: 37/38 MP: 4/4
   956 | D:3      | Reached skill level 5 in Axes
  1017 | D:3      | Reached XP level 5. HP: 8/45 MP: 5/5
  1224 | D:3      | Found a blossoming altar of Fedhas.
  1272 | D:3      | Noticed Natasha
  1277 | D:3      | Killed Natasha
  1396 | D:4      | Found an iron altar of Okawaru.
  1412 | D:4      | Reached skill level 6 in Axes
  1478 | D:4      | Reached XP level 6. HP: 51/51 MP: 6/6
  1515 | D:4      | Got a twitching granite ring
  1705 | D:5      | Entered Level 5 of the Dungeon
  1773 | D:5      | Reached skill level 7 in Axes
  1826 | D:5      | Found a shadowy altar of Dithmenos.
  1826 | D:5      | Found a snail-covered altar of Cheibriados.
  1826 | D:5      | Found a stormy altar of Qazlal.
  1883 | D:5      | Identified the ring "Yrchiq" {Wiz rF+ Slay+3} (You found it on level 4 of the Dungeon)
  1961 | D:5      | Reached XP level 7. HP: 54/57 MP: 7/7
  2056 | D:5      | Found a hide-covered altar of Uskayaw.
  2227 | D:5      | Reached skill level 8 in Axes
  2564 | D:6      | Reached skill level 5 in Fighting
  2564 | D:6      | Reached XP level 8. HP: 68/68 MP: 8/8
  2925 | D:7      | Found a staircase to the Ecumenical Temple.
  3050 | D:7      | Reached *** piety under Trog
  3145 | D:8      | Noticed Erica
  3156 | D:8      | Killed Erica
  3156 | D:8      | Reached skill level 10 in Axes
  3156 | D:8      | Reached XP level 9. HP: 50/74 MP: 9/9
  3258 | D:8      | Noticed Pikel
  3266 | D:8      | Killed Pikel
  3289 | D:8      | Reached skill level 11 in Axes
  3294 | D:8      | Found a viscous altar of Jiyva.
  3762 | D:8      | Found a basalt altar of Yredelemnul.
  3931 | D:10     | Entered Level 10 of the Dungeon
  3984 | D:9      | Got a shimmering turquoise ring
  3986 | D:9      | Identified the ring of Paqiz {+Fly Dex+4} (You found it on level 9 of the Dungeon)
  4000 | D:9      | Received a gift from Trog
  4014 | D:9      | Reached XP level 10. HP: 81/81 MP: 10/10
  4145 | D:9      | Reached **** piety under Trog
  4294 | D:9      | Noticed Erolcha
  4299 | D:9      | Killed Erolcha
  4382 | D:9      | Reached skill level 12 in Axes
  4788 | D:10     | Noticed a two-headed ogre
  4797 | D:10     | Received a gift from Trog
  4827 | D:10     | Noticed a two-headed ogre
  4836 | D:10     | Killed a two-headed ogre
  4842 | D:10     | Killed a two-headed ogre
  4842 | D:10     | Reached skill level 13 in Axes
  4859 | D:10     | Received a gift from Trog
  5103 | D:11     | Noticed an eight-headed hydra
  5129 | D:11     | Found Senkat's Antique Armour Emporium.
  5133 | D:11     | Noticed a death yak
  5134 | D:11     | Found a staircase to the Lair.
  5134 | D:11     | Noticed a death yak
  5139 | D:11     | Noticed a death yak
  5141 | D:11     | Noticed a five-headed hydra
  5144 | D:11     | Slain by an ogre

Skill      XL: |  1  2  3  4  5  6  7  8  9 10 |
---------------+-------------------------------+-----
Axes           | 3 4 5 6 7 8 10 11 13 | 13.2
Fighting       | 5 7 |  7.5
Dodging        | 4 |  4.1
Armour         | |  1.3

Action                   |  1- 3 |  4- 6 |  7- 9 | 10-12 || total
-------------------------+-------+-------+-------+-------++-------
Melee: Hand axe          |   111 |   105 |    42 |       ||   258
       Kick              |    12 |    18 |    53 |    32 ||   115
       War axe           |       |       |   137 |    87 ||   224
Throw: Javelin           |       |       |       |     7 ||     7
Invok: Berserk           |     4 |     9 |    10 |     9 ||    32
       Brothers in Arms  |       |       |       |     3 ||     3
Evoke: Wand              |       |       |       |     3 ||     3
  Use: Scroll            |       |       |     8 |     9 ||    17
       Potion            |       |       |       |     2 ||     2
  Eat: Chunk             |     3 |    10 |    13 |    12 ||    38
       Ration            |       |       |     1 |       ||     1
Armor: Animal skin       |    39 |    17 |       |       ||    56
       Ring mail         |       |     7 |     5 |       ||    12
       Robe              |       |       |    24 |    23 ||    47
Dodge: Dodged            |    61 |    33 |    41 |    55 ||   190
Block: Other             |    12 |    20 |    26 |    22 ||    80
       Reflection        |       |     2 |     1 |     1 ||     4
